 Dungeon Crawl Stone Soup version 0.24.0 (webtiles) character file.

Game seed: 13732580323478123547, levelgen mode: deterministic

59648 Faels the Carver (level 14, -12/119 HPs)
             Began as a Demonspawn Fighter on Feb 18, 2020.
             Was an Elder of Okawaru.
             Mangled by a large abomination (16 damage)
             ... on level 2 of the Abyss.
             The game lasted 01:19:16 (25073 turns).

Faels the Carver (Demonspawn Fighter)              Turns: 25073, Time: 01:19:17

Health: -12/119    AC: 17    Str: 13    XL:     14   Next: 54%
Magic:  0/14       EV:  4    Int: 11    God:    Okawaru [****..]
Gold:   1190       SH:  9    Dex: 12    Spells: 13/13 levels left

rFire    + . .     SeeInvis .   E - +3 long sword (freeze)
rCold    . . .     Gourm    .   c - +0 shield
rNeg     + . .     Faith    .   I - +1 plate armour {rF+}
rPois    .         Spirit   +   (helmet restricted)
rElec    .         Reflect  .   U - scarf {cloud immunity}
rCorr    .         Harm     .   A - +0 pair of gloves
MR       ++...                  (no boots)
Stlth    ..........             B - amulet of magic regeneration
HPRegen  0.29/turn              P - ring of protection from magic
MPRegen  0.53/turn              G - ring of positive energy

@: very slightly contaminated
A: antennae 2, yellow scales 2, [clumsy 2], [low mp 2], spiny 1, [weak 2], wild
magic 1, evolution 1, magic shield, magic regeneration, [subdued magic 3]
a: Heroism, Renounce Religion


You were on level 2 of the Abyss.
You worshipped Okawaru.
Okawaru was greatly pleased with you.
You were hungry.

You visited 3 branches of the dungeon, and saw 15 of its levels.
You visited the Abyss 2 times.
You also visited: Ossuary.

You collected 1677 gold pieces.
You spent 487 gold pieces at shops.

Inventory:

Hand Weapons
 a - a cursed +3 long sword
 g - a +0 dagger of freezing
 v - a +1 dagger of flaming
 y - a +0 scimitar
 E - a +3 long sword of freezing (weapon)
 L - the +1 falchion "Niluth" {protect, *Slow rF+ rC+}
   (You took it off a centaur on level 9 of the Dungeon)

   It grants its wielder temporary protection when it strikes (+7 to AC).
   It protects you from fire.
   It protects you from cold.
   It may slow you when you take damage.
 V - a +0 morningstar
Missiles
 d - 16 poisoned darts (quivered)
 D - 11 javelins
 J - 2 atropa-tipped darts
 M - 5 silver boomerangs
Armour
 c - a +0 shield (worn)
 r - a +0 leather armour of fire resistance
 u - a cursed -2 ring mail
 w - a +0 chain mail
 A - a +0 pair of gloves (worn)
 F - a +2 plate armour of cold resistance
 I - a +1 plate armour of fire resistance (worn)
 N - a +0 scale mail of fire resistance
 U - a scarf of cloud immunity (worn)
 W - the +1 pair of boots "Wukkiggo" {rC- Dex+3 SInv}
   (You found it on level 11 of the Dungeon)

   It affects your dexterity (+3).
   It makes you vulnerable to cold.
   It lets you see invisible.
 X - a +0 cloak of magic resistance
Jewellery
 n - a +5 ring of dexterity {unknown}
 B - an amulet of magic regeneration (around neck)
 G - a ring of positive energy (right hand)
 P - a ring of protection from magic (left hand)
Wands
 b - a wand of polymorph (1)
 k - a wand of iceblast (11)
 p - a wand of acid (18)
 K - a wand of paralysis (3)
Scrolls
 e - 2 scrolls of magic mapping
 i - a scroll of noise
 m - a scroll of enchant weapon {unknown}
 o - 3 scrolls of amnesia
 q - 3 scrolls of random uselessness {unknown}
 H - a scroll of enchant armour {unknown}
 R - a scroll of brand weapon {unknown}
Potions
 h - 2 potions of lignification
 j - 3 potions of cancellation
 s - a potion of mutation
 x - a potion of invisibility
Miscellaneous
 O - a phial of floods (inert)
Comestibles
 f - 15 rations


   Skills:
 + Level 13.8 Fighting
 - Level 6.3(11.2) Short Blades
 - Level 14.2(14.7) Long Blades
 + Level 5.2 Armour
 + Level 10.0 Dodging
 + Level 5.2 Shields
 + Level 6.2 Invocations


You had 13 spell levels left.
You didn't know any spells.
Your spell library contained the following spells:

 Spells                   Type           Power        Failure   Level  Hunger
 Sandblast                Erth           #.....       100%        1    ##.....
 Summon Small Mammal      Summ           #...         100%        1    ##.....
 Call Imp                 Summ           #.......     100%        2    ###....
 Passwall                 Tmut/Erth      #.......     100%        2    ###....
 Call Canine Familiar     Summ           #.......     100%        3    ####...
 Stone Arrow              Conj/Erth      #.....       100%        3    ####...
 Summon Guardian Golem    Hex/Summ       #.......     100%        3    ####...
 Cause Fear               Hex            #.........   100%        4    #####..
 Petrify                  Tmut/Erth      #.......     100%        4    #####..
 Summon Ice Beast         Ice/Summ       #.......     100%        4    #####..
 Summon Lightning Spire   Summ/Air       #.......     100%        4    #####..
 Lee's Rapid Deconstruct  Erth           #.........   100%        5    ######.
 Silence                  Hex/Air        #.........   100%        5    ######.
 Yara's Violent Unravell  Hex/Tmut       #.........   100%        5    ######.
 Deflect Missiles         Chrm/Air       #.........   100%        6    #######
 Discord                  Hex            #.........   100%        8    #######


Dungeon Overview and Level Annotations

Branches:
Dungeon (12/15)            Temple (1/1) D:6            Lair (0/6) D:11
    Orc (2/2) D:10        Ossuary (visited)
    Elf: Orc:2

Altars:
Ashenzari
Cheibriados
Dithmenos
Elyvilon
Fedhas
Gozag
Hepliaklqana
Kikubaaqudgha
Makhleb
Nemelex Xobeh
Okawaru
Qazlal
Ru
Sif Muna
Trog
Uskayaw
Vehumet
Wu Jian
Xom
Yredelemnul
Zin
The Shining One
Beogh

Shops:
D:5 *   D:8 }


Innate Abilities, Weirdness & Mutations

You have a pair of antennae on your head.
You are mostly covered in yellow scales. (AC +3)
You are partially covered in sharp spines.
When hurt, damage is shared between your health and your magic reserves.
You regenerate magic rapidly.
Your spells are a little harder to cast, but a little more powerful.
You evolve.
[You are very clumsy. (Dex -4)]
[Your magical capacity is very low. (-20% MP)]
[You are very weak. (Str -4)]
[Your spells are much easier to cast, but much less powerful.]


Message History

Something hits you but does no damage.
The thrashing horror roars!
The thrashing horror is struck by your spines.
The thrashing horror tramples you but does no damage. x2
The thrashing horror is struck by your spines.
The thrashing horror tramples you but does no damage.
You block the thrashing horror's attack.
Something hits you but does no damage. x2
There is a gateway leading deeper into the Abyss here.
You can't go up here!
You flicker back into view.
Something hits you but does no damage. The thrashing horror tramples you.
* * * LOW HITPOINT WARNING * * *
You are shoved backwards!
You stop descending the stairs.
You block the large abomination's attack.
You float gracefully downwards.
You block something's attack.
The thrashing horror is struck by your spines.
The thrashing horror tramples you but does no damage. x2
The large abomination hits you!!
You die...

.# .. #..# ..
... ##...##.#
#.# ##
..##.##....#
#.... ..
#.##..#us## . .
.. #.#..#..#
.## #.
#......##
#.#..#.X.{x.#
#.....X..###
#...##.@.X# #..
#..X?.....#{ #
....##.........
#..##
.#.#....#. ..
...#....#.# .
.#.. .#..# .
.#... ....# ##
##. ...#.


You could see a red very ugly thing, a demonic crawler, 2 thrashing horrors, 2
large abominations and a small abomination.

Vanquished Creatures
  A lich (Abyss:1)
  2 tentacled starspawn (Abyss:1)
  Erolcha (Orc:2)
  5 two-headed ogres
  Urug (D:11)
  A thrashing horror (Abyss:1)
  A shadow wraith (Abyss:1)
  An orc sorcerer (Orc:1)
  3 ugly things (D:11)
  An orc knight (Orc:1)
  A manticore (D:12)
  2 cyclopes
  3 large abominations
  Maurice (Orc:1)
  3 ancient zymes
  A hornet (D:11)
  2 trolls
  4 hippogriffs
  2 wyverns (D:11)
  A shadow (D:11)
  17 yaks
  A golden eye (Abyss:2)
  Grum (D:8)
  A hungry ghost (D:7)
  2 wargs (Orc:1)
  Edmund (D:4)
  5 hell hounds (Abyss:1)
  5 porcupines (D:11)
  A water moccasin (D:11)
  4 ice beasts
  18 orc warriors
  A sky beast (D:8)
  5 black bears
  2 phantoms
  3 necrophages
  4 wolves (D:7)
  3 small abominations (Abyss:1)
  10 ogres
  11 centaurs
  A crocodile (D:9)
  A gnoll sergeant (D:12)
  11 bullfrogs
  An elf zombie (Ossuary)
  An elf skeleton (D:7)
  5 scorpions
  16 killer bees
  15 wights
  5 howler monkeys
  9 crimson imps
  2 centaur zombies (Ossuary)
  A quasit (D:11)
  7 jellies
  11 orc priests
  3 centaur skeletons
  8 hounds
  4 human zombies (D:7)
  10 orc wizards
  A bullfrog skeleton (D:5)
  3 iguanas
  7 worker ants
  A killer bee zombie (D:8)
  An ogre zombie (D:7)
  2 big kobold zombies (Ossuary)
  A hound zombie (D:9)
  2 hound skeletons
  3 mummies
  A howler monkey zombie (D:8)
  8 gnolls
  8 adders
  6 shadow imps
  6 oozes
  A worm (D:3)
  4 dart slugs
  5 leopard geckos
  88 orcs
  10 bats
  A bat zombie (D:3)
  5 giant cockroaches
  2 gnoll zombies (Ossuary)
  8 hobgoblins
  6 jackals
  3 quokkas
  2 ball pythons
  5 frilled lizards
  6 goblins
  A goblin zombie (Ossuary)
  4 hobgoblin zombies (Ossuary)
  8 kobolds
  A leopard gecko zombie (D:7)
  2 orc zombies (Ossuary)
  6 rats
  2 rat zombies (D:3)
463 creatures vanquished.

Vanquished Creatures (others)
  An unseen horror (D:10)
  35 fungi (D:11)
  4 plants (D:11)
  11 starspawn tentacles
51 creatures vanquished.

Grand Total: 514 creatures vanquished

Notes
Turn   | Place    | Note
-------+----------+-------------------------------------------
     0 | D:1      | Faels the Demonspawn Fighter began the quest for the Orb.
     0 | D:1      | Reached XP level 1. HP: 18/18 MP: 1/1
   151 | D:1      | Gained mutation: You have a pair of small antennae on your
                  | head. [demonic ancestry]
   151 | D:1      | Reached XP level 2. HP: 24/24 MP: 2/2
   516 | D:1      | Reached skill level 1 in Dodging
   580 | D:1      | Gained mutation: When hurt, damage is shared between your
                  | health and your magic reserves. [demonic ancestry]
   580 | D:1      | Reached XP level 3. HP: 26/29 MP: 3/3
  1393 | D:2      | Reached XP level 4. HP: 35/35 MP: 4/4
  2130 | D:3      | Reached XP level 5. HP: 33/42 MP: 3/5
  2563 | D:3      | Found an ancient bone altar of Kikubaaqudgha.
  3176 | D:4      | Noticed Edmund
  3191 | D:4      | Killed Edmund
  3191 | D:4      | Gained mutation: You regenerate magic rapidly. [demonic
                  | ancestry]
  3191 | D:4      | Reached XP level 6. HP: 35/48 MP: 3/6
  3498 | D:4      | You fall into a shaft and drop 2 floors!
  3513 | D:6      | Reached skill level 5 in Short Blades
  3513 | D:6      | Reached XP level 7. HP: 34/55 MP: 4/7
  3719 | D:5      | Entered Level 5 of the Dungeon
  3737 | D:5      | Reached skill level 5 in Fighting
  3793 | D:4      | Found a shimmering altar of Xom.
  3843 | D:4      | Paralysed by a crimson imp for 4 turns
  4697 | D:5      | Found Leroh's Assorted Antiques.
  4705 | D:5      | Bought a scroll labeled VOIKLI PAUNNUT for 23 gold pieces
  4705 | D:5      | Bought a scroll labeled CAUMUNL VO JON for 23 gold pieces
  4705 | D:5      | Bought a pair of gloves for 103 gold pieces
  4766 | D:5      | Reached XP level 8. HP: 25/61 MP: 8/8
  5758 | D:6      | Reached skill level 1 in Long Blades
  5934 | D:6      | Found a staircase to the Ecumenical Temple.
  5942 | Temple   | Entered the Ecumenical Temple
  5969 | Temple   | Became a worshipper of Warmaster Okawaru
  6219 | D:6      | Reached skill level 2 in Long Blades
  6506 | D:6      | Reached skill level 3 in Long Blades
  6770 | D:6      | Found a shimmering blue altar of Sif Muna.
  6999 | D:7      | Reached skill level 4 in Long Blades
  7264 | D:7      | Noticed a hippogriff
  7279 | D:7      | Killed a hippogriff
  7560 | D:7      | Reached skill level 5 in Long Blades
  7673 | D:7      | Reached * piety under Okawaru
  7696 | D:7      | Reached skill level 6 in Long Blades
  7921 | D:7      | Reached XP level 9. HP: 48/66 MP: 9/9
  8035 | D:7      | Found a hazy altar of Hepliaklqana.
  8532 | D:7      | Reached skill level 7 in Long Blades
  8628 | D:7      | Found a basalt altar of Yredelemnul.
  9347 | D:8      | Found a sand-covered staircase.
  9353 | Ossuary  | Entered an ossuary
  9370 | Ossuary  | Reached skill level 8 in Long Blades
  9403 | Ossuary  | Reached ** piety under Okawaru
  9917 | D:8      | Noticed a two-headed ogre
 10304 | D:8      | Reached skill level 9 in Long Blades
 10307 | D:8      | Noticed Grum
 10604 | D:8      | Killed a two-headed ogre
 10604 | D:8      | Reached skill level 10 in Long Blades
 10604 | D:8      | Gained mutation: You are partially covered in yellow
                  | scales. (AC +2) [demonic ancestry]
 10604 | D:8      | Reached XP level 10. HP: 70/70 MP: 10/10
 10672 | D:7      | Reached *** piety under Okawaru
 12189 | D:8      | Killed Grum
 13017 | D:8      | Found Lahutu's Gadget Emporium.
 13140 | D:8      | Bought a wand of acid (9) for 338 gold pieces
 14851 | D:9      | Reached skill level 5 in Dodging
 14962 | D:9      | Reached skill level 11 in Long Blades
 15086 | D:9      | Noticed a two-headed ogre
 15095 | D:9      | Killed a two-headed ogre
 15325 | D:9      | Reached **** piety under Okawaru
 15468 | D:9      | Gained mutation: You are partially covered in sharp spines.
                  | [demonic ancestry]
 15468 | D:9      | Reached XP level 11. HP: 87/87 MP: 11/11
 15695 | D:9      | Identified the cursed +1 falchion "Niluth" {protect, *Slow
                  | rF+ rC+}
 15860 | D:10     | Entered Level 10 of the Dungeon
 16207 | D:10     | Found a staircase to the Orcish Mines.
 16441 | D:10     | Noticed a two-headed ogre
 16539 | D:10     | Killed a two-headed ogre
 17012 | D:10     | Reached skill level 12 in Long Blades
 17512 | D:11     | Noticed a white ugly thing
 17528 | D:11     | Killed a white ugly thing
 17810 | D:11     | Reached ***** piety under Okawaru
 18520 | D:11     | Found a staircase to the Lair.
 18529 | D:11     | Reached skill level 10 in Fighting
 18661 | D:11     | Noticed a two-headed ogre
 18927 | D:11     | Killed a two-headed ogre
 19490 | D:10     | Reached skill level 13 in Long Blades
 19490 | D:10     | Gained mutation: You are mostly covered in yellow scales.
                  | (AC +3) [demonic ancestry]
 19490 | D:10     | Reached XP level 12. HP: 97/101 MP: 12/12
 19503 | D:10     | Reached skill level 14 in Long Blades
 19503 | D:10     | Gained mutation: You have a pair of antennae on your head.
                  | [demonic ancestry]
 19503 | D:10     | Reached XP level 13. HP: 109/109 MP: 13/13
 19819 | D:11     | Reached skill level 1 in Invocations
 20115 | D:11     | Got a pair of encrusted boots
 20121 | D:11     | Identified the +1 pair of boots "Wukkiggo" {rC- Dex+3 SInv}
                  | (You found it on level 11 of the Dungeon)
 20148 | D:11     | Received a gift from Okawaru
 20366 | D:11     | Noticed Urug
 20546 | D:11     | Killed Urug
 21102 | D:12     | Reached XP level 14. HP: 111/118 MP: 13/15
 21963 | D:12     | Gained mutation: [Your magical capacity is low. (-10% MP)]
                  | [potion of mutation]
 21963 | D:12     | Gained mutation: You evolve. [potion of mutation]
 21963 | D:12     | Gained mutation: Your spells are a little harder to cast,
                  | but a little more powerful. [potion of mutation]
 22040 | Orc:1    | Entered Level 1 of the Orcish Mines
 22812 | Orc:1    | Lost mutation: [Your magical capacity is low. (-10% MP)]
                  | [evolution]
 23006 | Orc:2    | Entered Level 2 of the Orcish Mines
 23006 | Orc:2    | Noticed Maurice
 23201 | Orc:2    | Noticed Erolcha
 23532 | Orc:1    | Killed Maurice
 23593 | Orc:2    | Killed Erolcha
 23650 | Orc:2    | Found a roughly hewn altar of Beogh.
 23751 | Orc:2    | Cast into level 1 of the Abyss (orc warrior)
 23830 | Abyss:1  | Noticed a lich
 23843 | Abyss:1  | Noticed a reaper
 23847 | Abyss:1  | Noticed an Executioner
 23847 | Abyss:1  | Killed a lich
 24127 | Abyss:1  | Reached skill level 5 in Invocations
 24239 | Abyss:1  | Noticed a tentacled starspawn
 24514 | Abyss:1  | Noticed a tentacled starspawn
 24533 | Abyss:1  | Killed a tentacled starspawn
 24533 | Abyss:1  | Reached skill level 5 in Armour
 24533 | Abyss:1  | Reached skill level 5 in Shields
 24615 | Abyss:1  | Noticed a tentacled starspawn
 24628 | Abyss:1  | Killed a tentacled starspawn
 24628 | Abyss:1  | Reached skill level 10 in Dodging
 24632 | Orc:2    | Escaped the Abyss
 24647 | Orc:1    | Noticed an orc warlord
 24648 | Orc:1    | Cast into level 1 of the Abyss (orc warrior)
 24649 | Abyss:1  | Noticed a tentacled starspawn
 24652 | Abyss:1  | Noticed a tentacled monstrosity
 24668 | Abyss:1  | Noticed a deep elf elementalist
 24749 | Abyss:2  | Found a corrupted altar of Lugonu.
 24821 | Abyss:2  | Found a corrupted altar of Lugonu.
 25017 | Abyss:2  | Noticed a balrug
 25019 | Abyss:2  | Noticed a tentacled starspawn
 25024 | Abyss:2  | Noticed a red very ugly thing
 25025 | Abyss:2  | Noticed a red very ugly thing
 25025 | Abyss:2  | Noticed a red very ugly thing
 25026 | Abyss:2  | Noticed a red very ugly thing
 25049 | Abyss:2  | HP: 5/119 [small abomination (6)]
 25066 | Abyss:2  | HP: 3/119 [large abomination (6)]
 25072 | Abyss:2  | HP: 3/119 [thrashing horror (1)]
 25073 | Abyss:2  | Mangled by a large abomination

Levels and vault maps discovered:
D:1:      minmay_arrival_stair_chambers, layout_basic
D:2:      layout_loops_cross
D:3:      layout_basic, lemuel_zombie_altar_kikubaaqudgha
D:4:      layout_basic, serial_glass, glass_columns_a, glass_columns_b,
          minmay_strange_pillars, minmay_strange_pillars, led_xom_imps,
          uniq_edmund
D:5:      layout_gridville, serial_shops, shop, first_ration
D:6:      layout_loops_ring, minmay_temple_entry_statues_fountains, st_stairs_2,
          lemuel_blue_sif_altar
D:7:      layout_gridville, overflow_temple_1_default,
          lemuel_mausoleum_altar_yredelemnul
D:8:      layout_gridville, serial_shops, nicolae_shop_crystal,
          lightli_ossuary_entry_decrepit_ruins, hangedman_little_slice_of_home,
          uniq_grum
D:9:      layout_stronghold
D:10:     layout_roguey [special_room_orc], hiddenorc1_lemuel
D:11:     layout_roguey, due_lair_maze_entry_diamond, minmay_alternating_orb,
          uniq_urug
D:12:     layout_basic
Temple:   hc_temple_tempest_star
Orc:1:    nicolae_orc_accident_1, layout_diamond_mine, serial_shops,
          nicolae_shop_crystal
Orc:2:    st_orc_ogre_mass, layout_caves, basic_altar, guppyfry_library_mini,
          uniq_maurice, uniq_erolcha
Abyss:2
